 Dungeon Crawl Stone Soup version 0.26-a0-30-g56b8cd3df0 (webtiles) character file.

Game seed: 235964099343007055, levelgen mode: deterministic

1902 vurker the Merchant of Misery (level 8, -2/62 HPs)
             Began as a Demonspawn Necromancer on June 3, 2020.
             Was a Believer of Kikubaaqudgha.
             Slain by a gnoll sergeant
             ... wielding a +0 spear
              (7 damage)
             ... on level 6 of the Dungeon.
             The game lasted 00:11:22 (7297 turns).

vurker the Merchant of Misery (DsNe)                Turns: 7297, Time: 00:11:23

Health: -2/62      AC:  7    Str:  9    XL:     8   Next: 94%
Magic:  13/18      EV:  6    Int: 18    God:    Kikubaaqudgha [**....]
Gold:   284        SH:  0    Dex: 14    Spells: 10/20 levels left

rFire    + . .     SeeInvis .   c - +2 spear (venom)
rCold    + . .     Gourm    .   (no shield)
rNeg     . . .     Faith    .   t - +2 robe {rC+ rF+}
rPois    .         Spirit   .   (no helmet)
rElec    .         Reflect  .   v - +0 cloak
rCorr    .         Harm     .   (no gloves)
MR       +....                  r - +1 pair of boots
Stlth    ++........             u - amulet of magic regeneration
HPRegen  0.20/turn              b - ring of flight
MPRegen  0.41/turn              k - ring of protection from magic

@: held
A: hooves 1, large bone plates 1, powered by death 1, spiny 1
a: Receive Corpses, Renounce Religion, Evoke Flight


You were on level 6 of the Dungeon.
You worshipped Kikubaaqudgha.
Kikubaaqudgha was pleased with you.
You were not hungry.

You visited 2 branches of the dungeon, and saw 7 of its levels.

You collected 284 gold pieces.

Inventory:

Hand Weapons
 c - a +2 spear of venom (weapon)
   (You found it on level 1 of the Dungeon)
Armour
 r - a +1 pair of boots (worn)
   (You found it on level 5 of the Dungeon)
 t - a +2 robe of resistance (worn)
   (You took it off an orc wizard on level 4 of the Dungeon)
 v - a +0 cloak (worn)
   (You found it on level 6 of the Dungeon)
Jewellery
 b - a ring of flight (left hand)
   (You found it on level 1 of the Dungeon)
 k - a ring of protection from magic (right hand)
   (You found it on level 2 of the Dungeon)
 u - an amulet of magic regeneration (around neck)
   (You found it on level 3 of the Dungeon)
Scrolls
 d - a scroll of remove curse
 h - 2 scrolls of amnesia
 i - a scroll of fear
 j - 4 scrolls of enchant weapon
 l - 3 scrolls of magic mapping {unknown}
 n - a scroll of identify
 q - a scroll of teleportation
Potions
 f - 3 potions of might
 g - 2 potions of curing
 m - a potion of invisibility {unknown}
 o - a potion of stabbing {unknown}
 p - 2 potions of heal wounds {unknown}
 s - 2 potions of brilliance {unknown}
Comestibles
 a - 9 chunks of flesh
 e - 13 rations


   Skills:
 + Level 5.0 Fighting
 - Level 1.7 Dodging
 - Level 1.7 Stealth
 * Level 6.9 Spellcasting
 * Level 9.2 Necromancy


You had 10 spell levels left.
You knew the following spells:

 Your Spells              Type           Power        Failure   Level  Hunger
a - Pain                  Necr           ####         1%          1    None
c - Vampiric Draining     Necr           #####.....   1%          3    ##.....
q - Animate Dead          Necr           N/A          2%          4    ####...
w - Sublimation of Blood  Necr           #####.....   1%          2    None

Your spell library contained the following spells:

 Spells                   Type           Power        Failure   Level  Hunger
 Animate Skeleton         Necr           N/A          1%          1    None
 Agony                    Necr           #####...     7%          5    #####..
 Sting                    Tmut/Pois      #...         11%         1    None
 Poisonous Vapours        Pois/Air       #.....       17%         2    None
 Ignite Poison            Fire/Tmut/Pois #.......     32%         3    ##.....
 Mephitic Cloud           Conj/Pois/Air  #.......     32%         3    ##.....
 Olgreb's Toxic Radiance  Pois           #.......     73%         4    ####...


Dungeon Overview and Level Annotations

Branches:
Dungeon (6/15)             Temple (1/1) D:4

Altars:
Cheibriados
Dithmenos
Elyvilon
Fedhas
Gozag
Hepliaklqana
Kikubaaqudgha
Makhleb
Qazlal
Ru
Sif Muna
Trog
Uskayaw
Vehumet
Wu Jian
Yredelemnul
Zin

Annotations:
D:5 7 runed translucent doors, 4 exclusions, Sloany's ghost, novice DsFi


Innate Abilities, Weirdness & Mutations

You have large cloven feet.
You are partially covered in large bone plates. (SH +4)
You regenerate a little health from kills.
You are partially covered in sharp spines.


Message History

Aim: a gnoll sergeant, wielding a +0 spear, wearing a +0 scale mail and wearing a +0 kite shield You reach to attack!
You hit the gnoll sergeant but do no damage.
The gnoll sergeant is poisoned.
The gnoll sergeant barely misses you.
Attack whom?
Aim: a gnoll sergeant, wielding a +0 spear, wearing a +0 scale mail and wearing a +0 kite shield (lightly wounded, very poisoned)
You reach to attack!
You hit the gnoll sergeant. The gnoll misses you.
The gnoll sergeant closely misses you.
Attack whom?
Aim: a gnoll sergeant, wielding a +0 spear, wearing a +0 scale mail and wearing a +0 kite shield (moderately wounded, very poisoned)
You reach to attack!
You hit the gnoll sergeant but do no damage.
The gnoll sergeant looks as sick as possible!
The gnoll hits you but does no damage.
The gnoll sergeant hits you from afar with a +0 spear!
Attack whom?
Aim: a gnoll sergeant, wielding a +0 spear, wearing a +0 scale mail and wearing a +0 kite shield (moderately wounded, extremely poisoned)
You reach to attack!
You closely miss the gnoll sergeant. The gnoll hits you but does no damage.
The gnoll sergeant hits you from afar with a +0 spear.
The gnoll throws a throwing net.
The throwing net hits you.
You become entangled in the net!
You are held in a net!
You struggle against the net.
The gnoll hits you from afar with a +0 spear!
* * * LOW HITPOINT WARNING * * *
The gnoll sergeant barely misses you.
Aim: a gnoll, wielding a +0 whip You feel life coursing into your body.
The gnoll hits you from afar with a +0 spear.
* * * LOW HITPOINT WARNING * * *
The gnoll sergeant hits you from afar with a +0 spear.
* * * LOW HITPOINT WARNING * * *
The gnoll barely misses you. x2
Aim: a gnoll, wielding a +0 whip (moderately wounded)
You kill the gnoll!
Kikubaaqudgha accepts your kill.
You feel life coursing into your body.
The gnoll hits you from afar with a +0 spear!
* * * LOW HITPOINT WARNING * * *
The gnoll sergeant hits you from afar with a +0 spear.
* * * LOW HITPOINT WARNING * * *
You struggle against the net.
The gnoll hits you from afar with a +0 halberd.
* * * LOW HITPOINT WARNING * * *
The gnoll hits you from afar with a +0 spear.
* * * LOW HITPOINT WARNING * * *
The gnoll sergeant hits you from afar with a +0 spear!
You die...
Kikubaaqudgha rasps: "You have failed me!
Welcome... death!"

#...............................#
................................#
#...............................#
########...##.##.......<........#
# #......g..............###### #
#........)#...........# #
#.......).##..........#
#######...##.g##)....)....######
...........#.g)@..#.......##....
####.##....##g###.#####..###.###
###.##.......# #........###.###
..............##########........
##.#...#.......# #####.###
#..#....#.#.# #.###
.........#.#.# #....
####.#..###.#.. #####
#.#...[..####


You could see a gnoll sergeant (very poisoned) and 2 gnolls.

Vanquished Creatures
  A black bear (D:6)
  3 ice beasts
  4 ogres
  2 bullfrogs
  3 scorpions
  A howler monkey (D:6)
  A crimson imp (D:6)
  4 hounds
  2 orc priests (D:6)
  2 centaur skeletons
  4 orc wizards
  2 gnoll shamans (D:5)
  2 bullfrog skeletons
  2 iguanas (D:4)
  A worker ant zombie (D:6)
  14 gnolls
  A howler monkey skeleton (D:4)
  8 adders
  A shadow imp (D:6)
  An adder zombie (D:5)
  4 worms
  2 leopard geckos (D:4)
  13 orcs
  A ball python (D:2)
  7 bats
  6 giant cockroaches
  12 goblins
  2 hobgoblins
  6 jackals
  3 quokkas
  6 frilled lizards
  A jackal skeleton (D:6)
  A kobold (D:3)
  A leopard gecko skeleton (D:4)
  A quokka skeleton (D:4)
  A quokka zombie (D:6)
  10 rats
136 creatures vanquished.

Notes
Turn   | Place    | Note
-------+----------+-------------------------------------------
     0 | D:1      | vurker the Demonspawn Necromancer began the quest for the
                  | Orb.
     0 | D:1      | Reached XP level 1. HP: 13/13 MP: 3/3
   521 | D:1      | Gained mutation: You are partially covered in sharp spines.
                  | [demonic ancestry]
   521 | D:1      | Reached XP level 2. HP: 15/20 MP: 3/5
  1223 | D:2      | Reached skill level 1 in Fighting
  1223 | D:2      | Reached XP level 3. HP: 26/26 MP: 6/6
  1498 | D:2      | Reached skill level 5 in Necromancy
  2281 | D:3      | Reached XP level 4. HP: 26/32 MP: 8/8
  2619 | D:4      | Found a snail-covered altar of Cheibriados.
  2634 | D:4      | Found a burning altar of Makhleb.
  2804 | D:4      | Reached XP level 5. HP: 34/38 MP: 8/10
  3049 | D:4      | Noticed an ogre
  3100 | D:4      | Found a staircase to the Ecumenical Temple.
  3107 | Temple   | Entered the Ecumenical Temple
  3402 | Temple   | Became a worshipper of Kikubaaqudgha
  3569 | D:4      | Reached skill level 6 in Necromancy
  3579 | D:4      | Gained mutation: You regenerate a little health from kills.
                  | [demonic ancestry]
  3579 | D:4      | Reached XP level 6. HP: 16/46 MP: 11/11
  4241 | D:4      | Found a basalt altar of Yredelemnul.
  4354 | D:4      | Gained mutation: You have large cloven feet. [demonic
                  | ancestry]
  4354 | D:4      | Reached XP level 7. HP: 46/52 MP: 12/14
  4627 | D:5      | Entered Level 5 of the Dungeon
  4659 | D:5      | Found a glowing silver altar of Zin.
  4665 | D:5      | Reached skill level 7 in Necromancy
  4673 | D:5      | Learned a level 4 spell: Animate Dead
  4677 | D:5      | Learned a level 3 spell: Vampiric Draining
  5070 | D:5      | Found a runed translucent gate.
  5078 | D:5      | Found a runed translucent gate.
  5078 | D:5      | Found a runed translucent gate.
  5078 | D:5      | Noticed Sloany's ghost (novice DsFi)
  5087 | D:5      | Found a bloodstained altar of Trog.
  5092 | D:5      | Reached skill level 5 in Spellcasting
  5165 | D:5      | Found a white marble altar of Elyvilon.
  5237 | D:5      | Reached * piety under Kikubaaqudgha
  5237 | D:5      | Identified Kikubaaqudgha's Papyrus of Unholy Rites
                  | (Kikubaaqudgha gifted it to you on level 5 of the Dungeon)
  5237 | D:5      | Received a gift from Kikubaaqudgha
  5253 | D:5      | Learned a level 2 spell: Sublimation of Blood
  5549 | D:5      | Found a large runed translucent door.
  5549 | D:5      | Found a large runed translucent door.
  5796 | D:5      | Gained mutation: You are partially covered in large bone
                  | plates. (SH +4) [demonic ancestry]
  5796 | D:5      | Reached XP level 8. HP: 56/60 MP: 16/16
  5817 | D:5      | Found a large runed translucent door.
  5817 | D:5      | Found a large runed translucent door.
  5961 | D:5      | Reached skill level 8 in Necromancy
  5966 | D:5      | Got a fine shortbow
  5967 | D:5      | Identified the cursed +3 shortbow of the Thirsty Servitors
                  | {vorpal, MR+} (You found it on level 5 of the Dungeon)
  6524 | D:6      | Reached skill level 9 in Necromancy
  7232 | D:6      | Reached ** piety under Kikubaaqudgha
  7232 | D:6      | Reached skill level 5 in Fighting
  7297 | D:6      | Slain by a gnoll sergeant

Illustrated notes

Levels and vault maps discovered:
D:1:      dpeg_arrival_line_fractal, layout_basic
D:2:      layout_loops_ring, first_ration
D:3:      layout_basic
D:4:      layout_basic, nicolae_overflow_crystal_walls, cheibriados_altar_1,
          kennysheep_little_box, minmay_temple_entry_grid,
          nicolae_ossuary_entry_monument
D:5:      layout_basic, bloody_trog, overflow_temple_1_default, basic_altar,
          gammafunk_ghost_necromancy, minmay_hollow_rounded_squares
D:6:      layout_loops_cross, uniq_crazy_yiuf_cottage
Temple:   eino_temple_rhombus

Skill      XL: |  1  2  3  4  5  6  7  8 |
---------------+-------------------------+-----
Fighting       | 1 2 3 5 |  5.0
Necromancy     | 5 6 7 9 |  9.2
Spellcasting   | 3 4 5 6 |  6.9
Dodging        | |  1.7
Stealth        | |  1.7

Action                   |  1- 3 |  4- 6 |  7- 9 || total
-------------------------+-------+-------+-------++-------
Melee: Unarmed           |     5 |       |       ||     5
       Spear             |    78 |   119 |   162 ||   359
       Kick              |       |       |    13 ||    13
 Cast: Pain              |     9 |     5 |    14 ||    28
       Vampiric Draining |       |       |    17 ||    17
  Use: Scroll            |       |     8 |     3 ||    11
       Potion            |       |       |     1 ||     1
 Stab: Sleeping          |     6 |       |     4 ||    10
       Distracted        |       |       |     1 ||     1
  Eat: Chunk             |     4 |     6 |    11 ||    21
Armor: Robe              |     4 |     7 |    29 ||    40
Dodge: Dodged            |    25 |    53 |    69 ||   147
Block: Other             |       |       |    16 ||    16

Table legend:
 A = Non-vault XP
 B = Vault XP
 C = Vault XP percentage of total XP
 D = Non-vault monster count
 E = Vault monster count
 F = Vault count percentage of total count
                 A         B        C        D         E       F
            +---------+---------+-------+---------+---------+-------
      Total |    2453 |     265 |   9.7 |     128 |       8 |   5.9
            +---------+---------+-------+---------+---------+-------
        D:1 |      23 |       0 |   0.0 |      13 |       0 |   0.0
        D:2 |      35 |       0 |   0.0 |      16 |       0 |   0.0
        D:3 |      62 |       0 |   0.0 |      19 |       0 |   0.0
        D:4 |     656 |       0 |   0.0 |      28 |       0 |   0.0
        D:5 |     794 |     265 |  25.0 |      22 |       8 |  26.7
        D:6 |     881 |       0 |   0.0 |      29 |       0 |   0.0
     Temple |       2 |       0 |   0.0 |       1 |       0 |   0.0
            +---------+---------+-------+---------+---------+-------
